 Dungeon Crawl Stone Soup version 0.23-a0-635-g88ca12a (console) character file.

1999 Duffy the Skirmisher (level 9, 57/71 HPs)
             Began as a Demonspawn Fire Elementalist on Dec 27, 2018.
             Quit the game on level 6 of the Dungeon.
             The game lasted 00:08:09 (4549 turns).

Duffy the Skirmisher (Demonspawn Fire Elementalist) Turns: 4549, Time: 00:08:10

Health: 57/71      AC:  3    Str:  9    XL:     9   Next: 2%
Magic:  4/16       EV: 14    Int: 20    God:
Gold:   247        SH:  0    Dex: 18    Spells: 4/17 levels left

rFire    . . .     SeeInvis .   r - +0 trident
rCold    . . .     Gourm    .   (no shield)
rNeg     . . .     Faith    .   a - +0 robe
rPois    .         Spirit   +   (no helmet)
rElec    .         Reflect  .   p - +0 cloak
rCorr    .         Harm     .   (no gloves)
MR       .....                  (no boots)
Stlth    ++........             (no amulet)
HPRegen  0.21/turn              i - +5 ring of dexterity
MPRegen  0.30/turn              (no ring)

@: no status effects
A: hooves 1, magic shield, magic regeneration, sanguine armour 1
a: no special abilities


You were on level 6 of the Dungeon.
You were hungry.

You visited 1 branch of the dungeon, and saw 6 of its levels.

You collected 247 gold pieces.

Inventory:

Hand Weapons
 g - a +0 dagger
 r - a +0 trident (weapon)
Armour
 a - a +0 robe (worn)
 n - a +0 shield
 p - a +0 cloak (worn)
Jewellery
 i - a +5 ring of dexterity (left hand)
Wands
 j - a wand of digging (8)
Scrolls
 b - 4 scrolls of identify
 d - a scroll of blinking {unknown}
 e - a scroll of enchant armour {unknown}
 k - 2 scrolls of amnesia {unknown}
 l - 3 scrolls of teleportation
 m - 3 scrolls of remove curse {unknown}
 q - a scroll of random uselessness {unknown}
 t - 2 scrolls of enchant weapon {unknown}
 u - a scroll of noise {unknown}
Potions
 f - a potion of flight
 h - 3 potions of heal wounds
 o - 2 potions of curing
 s - 2 potions of haste
 v - a potion of agility {unknown}
Comestibles
 c - 8 rations
 w - 8 chunks of flesh


   Skills:
 + Level 6.9 Fighting
 - Level 3.2 Dodging
 - Level 1.7 Stealth
 - Level 4.9 Spellcasting
 - Level 5.4 Conjurations
 - Level 5.2 Fire Magic


You had 4 spell levels left.
You knew the following spells:

 Your Spells              Type           Power        Failure   Level  Hunger
h - Flame Tongue          Conj/Fire      ####.        1%          1    None
j - Sticky Flame          Conj/Fire      ####....     13%         4    ####...
k - Fireball              Conj/Fire      ####......   34%         5    ######.
l - Conjure Flame         Conj/Fire      ####....     3%          3    ##.....

Your spell library contained the following spells:

 Spells                   Type           Power        Failure   Level  Hunger
 Throw Flame              Conj/Fire      ####..       1%          2    #......
 Inner Flame              Hex/Fire       ###.....     12%         3    ##.....


Dungeon Overview and Level Annotations

Branches:
Dungeon (6/15)
 Temple: D:4-7

Altars:
Hepliaklqana
Ru
Yredelemnul


Innate Abilities, Weirdness & Mutations

You have large cloven feet.
When hurt, damage is shared between your health and your magic reserves.
You regenerate magic rapidly.
When seriously injured, your bleeding wounds create armour. (AC +0)


Message History

Casting: Sticky Flame (safe; 14% risk of failure)
Confirm with . or Enter, or press ? or * to list all spells.
Aiming: Sticky Flame (safe; 14% risk of failure)
Press: ? - help, Shift-Dir - straight line, f/p - Pikel
Aim: Pikel, wielding a +2 whip of electrocution and wearing a +2 robe of the The sticky flame hits Pikel.
Pikel appears unharmed.
Pikel is heavily wounded.
Pikel is covered in liquid flames!
Pikel burns!
Pikel hits you with a +2 whip of electrocution.
Pikel burns!
Pikel burns!
You kill Pikel!
Your Fighting skill increases to level 6!
You have reached level 9!
Your experience leads to an increase in your attributes!
Your base attributes are Str 9, Int 19, Dex 13.
Increase (S)trength, (I)ntelligence, or (D)exterity?
You feel clever.
Your demonic ancestry asserts itself...
You feel your blood ready itself to protect you.
Are you sure you want to abandon this character and quit the game? (Confirm

#........# #.....######
#........# #.....#.....
#........####.....#.....
##.#........###.###.....
#..........###.###.....
##.........#....[[.....
######....)...)#.#.###.....
#..............#.#.# #.....
#.#####...@....#.#.# #..... #.#
#........#.#.# ####.# #######.#
#.....####.#.# #.# ........#
#.....##.....# #.# ........#
#............######.#
....)...#####.....##..........#.#
..................##....####....#
..................##....# #....#
#######(..........####### #....#


There were no monsters in sight!

Vanquished Creatures
  Pikel (D:6)
  Eustachio (D:4)
  Duvessa (D:4)
  A phantom (D:5)
  A sky beast (D:5)
  Purgy (D:4)
  3 slaves (D:6)
  2 ogres (D:4)
  2 centaurs
  A big kobold (D:5)
  A bullfrog (D:6)
  Dowan (D:4)
  A bullfrog skeleton (D:5)
  3 orc priests
  4 hounds
  A centaur skeleton (D:4)
  4 orc wizards
  A worker ant (D:6)
  A killer bee zombie (D:6)
  3 adders
  A shadow imp (D:6)
  An ooze (D:5)
  An adder skeleton (D:3)
  4 worms
  A dart slug (D:4)
  3 leopard geckos
  10 orcs
  3 giant cockroaches
  A goblin (D:3)
  2 hobgoblins
  8 jackals
  4 kobolds
  2 quokkas (D:5)
  2 frilled lizards (D:4)
  A jackal zombie (D:6)
  2 rats
80 creatures vanquished.

Notes
Turn   | Place    | Note
-------+----------+-------------------------------------------
     0 | D:1      | Duffy the Demonspawn Fire Elementalist began the quest for
                  | the Orb.
     0 | D:1      | Reached XP level 1. HP: 13/13 MP: 3/3
    69 | D:2      | Gained mutation: When hurt, damage is shared between your
                  | health and your magic reserves. [demonic ancestry]
    69 | D:2      | Reached XP level 2. HP: 19/19 MP: 1/5
   141 | D:2      | Found a hazy altar of Hepliaklqana.
   833 | D:3      | Gained mutation: You regenerate magic rapidly. [demonic
                  | ancestry]
   833 | D:3      | Reached XP level 3. HP: 24/24 MP: 1/6
   861 | D:3      | Learned a level 3 spell: Conjure Flame
  1140 | D:4      | Reached XP level 4. HP: 30/30 MP: 1/7
  1206 | D:4      | Noticed an ogre
  1234 | D:4      | Killed an ogre
  1234 | D:4      | Reached skill level 5 in Conjurations
  1234 | D:4      | Reached XP level 5. HP: 35/35 MP: 0/8
  1243 | D:4      | Learned a level 4 spell: Sticky Flame
  1362 | D:4      | Noticed an ogre
  1390 | D:4      | Killed an ogre
  1390 | D:4      | Gained mutation: You have large cloven feet. [demonic
                  | ancestry]
  1390 | D:4      | Reached XP level 6. HP: 41/41 MP: 1/10
  1863 | D:4      | You fall through a shaft!
  1863 | D:5      | Entered Level 5 of the Dungeon
  2227 | D:5      | Reached XP level 7. HP: 41/46 MP: 3/13
  2401 | D:4      | Noticed Purgy
  2440 | D:4      | Killed Purgy
  2440 | D:4      | Reached skill level 5 in Fire Magic
  2502 | D:4      | Noticed Eustachio
  2512 | D:4      | Noticed Duvessa
  2662 | D:5      | Found a basalt altar of Yredelemnul.
  2666 | D:5      | Found a sacrificial altar of Ru.
  2959 | D:4      | Killed Eustachio
  2959 | D:4      | Reached skill level 2 in Fighting
  2959 | D:4      | Reached XP level 8. HP: 47/57 MP: 2/15
  3011 | D:5      | Learned a level 5 spell: Fireball
  3080 | D:5      | Reached skill level 3 in Fighting
  3241 | D:4      | Noticed Dowan
  3244 | D:4      | Killed Dowan
  3400 | D:4      | Killed Duvessa
  3400 | D:4      | Reached skill level 4 in Fighting
  3999 | D:6      | Reached skill level 5 in Fighting
  4284 | D:6      | Noticed Pikel
  4548 | D:6      | Killed Pikel
  4548 | D:6      | Reached skill level 6 in Fighting
  4548 | D:6      | Gained mutation: When seriously injured, your bleeding
                  | wounds create armour. (AC +0) [demonic ancestry]
  4548 | D:6      | Reached XP level 9. HP: 57/71 MP: 4/16
  4549 | D:6      | Quit the game

Vault maps used:
D:1:      minmay_arrival_hallway, serial_curves, eino_curves_01, eino_curves_04,
          eino_curves_04
D:2:      nicolae_overflow_hidden_temple, lemuel_doored_altar
D:4:      minmay_bubble_buster, first_ration, serial_shops, shop, uniq_duvessa,
          uniq_purgy, uniq_eustachio
D:5:      minmay_general_purpose_star,
          chequers_temple_overflow_statue_of_worship, minivault_5
D:6:      uniq_pikel

Skill      XL: |  1  2  3  4  5  6  7  8 |
---------------+-------------------------+-----
Conjurations   | 2 3 4 5 |  5.4
Fire Magic     | 3 4 5 |  5.2
Spellcasting   | 4 |  4.9
Fighting       | 2 6 |  6.9
Dodging        | 3 |  3.2
Stealth        | |  1.7

Action                   |  1- 3 |  4- 6 |  7- 9 || total
-------------------------+-------+-------+-------++-------
Melee: Dagger            |    10 |     2 |       ||    12
       Trident           |       |       |    12 ||    12
       Kick              |       |       |     3 ||     3
 Cast: Flame Tongue      |    52 |    65 |    93 ||   210
       Conjure Flame     |     2 |     2 |     3 ||     7
       Sticky Flame      |       |     3 |    17 ||    20
  Use: Scroll            |       |       |     5 ||     5
  Eat: Chunk             |     1 |     5 |    10 ||    16
Armor: Robe              |     3 |     4 |    11 ||    18
Dodge: Dodged            |    14 |    18 |    37 ||    69

Table legend:
 A = Non-vault XP
 B = Vault XP
 C = Vault XP percentage of total XP
 D = Non-vault monster count
 E = Vault monster count
 F = Vault count percentage of total count
                 A         B        C        D         E       F
            +---------+---------+-------+---------+---------+-------
      Total |    1231 |    1625 |  56.9 |      63 |      14 |  18.2
            +---------+---------+-------+---------+---------+-------
        D:1 |       2 |       0 |   0.0 |       1 |       0 |   0.0
        D:2 |      21 |       0 |   0.0 |       6 |       0 |   0.0
        D:3 |      61 |       0 |   0.0 |      13 |       0 |   0.0
        D:4 |     229 |     823 |  78.2 |      18 |       9 |  33.3
        D:5 |     560 |     151 |  21.2 |      15 |       4 |  21.1
        D:6 |     358 |     651 |  64.5 |      10 |       1 |   9.1
            +---------+---------+-------+---------+---------+-------
